 Dungeon Crawl Stone Soup version 0.21-a0-496-g696f58f (webtiles) character file.

77 Gildeon the Cutter (level 4, -1/35 HPs)
             Began as a Human Berserker on Nov 23, 2017.
             Was a Believer of Trog.
             Slain by a hound (6 damage)
             ... on level 2 of the Dungeon.
             The game lasted 00:07:04 (2154 turns).

Gildeon the Cutter (Human Berserker)                Turns: 2154, Time: 00:07:04

Health: -1/35      AC:  3    Str: 18    XL:     4   Next: 60%
Magic:  4/4        EV:  7    Int:  7    God:    Trog [**....]
Gold:   72         SH: 11    Dex: 13    Spells: 3/3 levels left

rFire    . . .     SeeInvis .   e - +0 short sword (vamp)
rCold    . . .     Gourm    .   h - +0 large shield
rNeg     . . .     Faith    .   j - +0 leather armour
rPois    .         Spirit   .   (no helmet)
rElec    .         Reflect  .   (no cloak)
rCorr    .         Harm     +   (no gloves)
MR       .....                  (no boots)
Stlth    +.........             l - amulet of harm
HPRegen  0.11/turn              (no ring)
MPRegen  0.09/turn              (no ring)

@: invisible
A: no striking features
a: Berserk, Trog's Hand, Burn Spellbooks, Renounce Religion


You were on level 2 of the Dungeon.
You worshipped Trog.
Trog was pleased with you.
You were not hungry.

You visited 1 branch of the dungeon, and saw 2 of its levels.

You collected 72 gold pieces.

Inventory:

Hand Weapons
 e - a +0 vampiric short sword (weapon)
Armour
 h - a +0 large shield (worn)
 j - a +0 leather armour (worn)
Jewellery
 l - an amulet of harm (around neck)
Scrolls
 k - a scroll of teleportation
Potions
 d - a potion of flight {unknown}
 g - 2 potions of curing {unknown}
 i - a potion of berserk rage {unknown}
Comestibles
 a - a meat ration
 c - a bread ration


   Skills:
 - Level 3.0 Fighting
 + Level 3.4(4.1) Short Blades
   Level 3.3(4.1) Long Blades
 - Level 2.0 Armour
 - Level 2.0 Dodging


You had 3 spell levels left.
You didn't know any spells.

Dungeon Overview and Level Annotations

Branches:
Dungeon (2/15)

Altars:
Makhleb
Nemelex Xobeh

Annotations:
D:2 Natasha


Message History

The hound is lightly wounded.
The hound closely misses you. The hound barely misses you.
You hit the hound.
You feel better.
The hound is lightly wounded.
The hound barely misses you. Natasha casts a spell at you.
You resist with some effort. The hound bites you.
You closely miss the hound.
The hound is lightly wounded.
The hound bites you.
* * * LOW HITPOINT WARNING * * *
You hit the hound.
You feel better.
The hound is moderately wounded.
The hound bites you.
* * * LOW HITPOINT WARNING * * *
You fade into invisibility!
The hound bites you.
* * * LOW HITPOINT WARNING * * *
The hound bites you.
You die...

#.##.#.# #.#.........
#.##.#.# #.#..........
#.##.#.# #.#..........
###....#.# #.#...........
..[######.## #.#..........#
...# #.......
#.#..........# ..._∩
#####.##
#.#..........#####.....#
#...#..#
...............h@h..#
###.##.#
#.#....#...#..#######
#.....# ...<..÷..>.....##
#...... ..#.##.#...##...#
#.#####
..#.....######..#######
#.###..
..#####................
#.....# ..#
#.######...################
..# #.#
#...................... ###
#.###'###..################


You could see a hound and Natasha.

Vanquished Creatures
  A gnoll (D:1)
  3 adders (D:2)
  An ooze (D:1)
  3 worms (D:2)
  2 dart slugs
  2 leopard geckos (D:2)
  3 hobgoblins
  A ball python (D:1)
  2 bats (D:2)
  3 frilled lizards (D:1)
  2 goblins (D:1)
  4 kobolds (D:1)
  A rat (D:2)
28 creatures vanquished.

Notes
Turn   | Place    | Note
-------+----------+-------------------------------------------
     0 | D:1      | Gildeon the Human Berserker began the quest for the Orb.
     0 | D:1      | Reached XP level 1. HP: 18/18 MP: 1/1
   307 | D:1      | Reached skill level 1 in Short Blades
   323 | D:1      | Reached XP level 2. HP: 20/24 MP: 2/2
   435 | D:1      | Found a sparkling altar of Nemelex Xobeh.
   538 | D:1      | Reached XP level 3. HP: 21/29 MP: 3/3
  1356 | D:2      | Reached XP level 4. HP: 22/35 MP: 4/4
  1798 | D:2      | Reached ** piety under Trog
  2141 | D:2      | Found a burning altar of Makhleb.
  2149 | D:2      | Noticed Natasha
  2154 | D:2      | Slain by a hound

Vault maps used:
D:1:      nzn_arrival_crosshair, hangedman_decor_growths,
          nemelex_xobeh_ov_fountains_minmay
D:2:      makhleb_heckhound_becter, hangedman_decor_opposing, uniq_natasha,
          uniq_robin

Skill      XL: |  1  2  3  4 |
---------------+-------------+-----
Short Blades   | 1 2 3 |  3.4
Fighting       | |  3.0
Long Blades    | |  3.3
Armour         | |  2.0
Dodging        | |  2.0

Action                   |  1- 3 |  4- 6 || total
-------------------------+-------+-------++-------
Melee: Falchion          |    23 |       ||    23
       Short sword       |    71 |    53 ||   124
Invok: Berserk           |     2 |       ||     2
  Use: Scroll            |     4 |       ||     4
       Potion            |       |     1 ||     1
 Stab: Sleeping          |     1 |       ||     1
  Eat: Bread ration      |     1 |       ||     1
       Chunk             |     3 |     3 ||     6
Armor: Animal skin       |     3 |       ||     3
       Leather armour    |    16 |    17 ||    33
Dodge: Dodged            |    37 |    20 ||    57
Block: Large shield      |    55 |    32 ||    87
       Rpst.: Falchion   |     5 |       ||     5

Table legend:
 A = Spawn XP
 B = Non-spawn XP
 C = Spawn XP percentage of total XP
 D = Spawn monster count
 E = Non-spawn monster count
 F = Spawn count percentage of total count
 G = Total turns spent on level
                    A         B        C        D         E        F      G
               +---------+---------+-------+---------+---------+-------+---------
         Total |       0 |     111 |   0.0 |       0 |      28 |   0.0 |  2154
               +---------+---------+-------+---------+---------+-------+---------
           D:1 |       0 |      42 |   0.0 |       0 |      15 |   0.0 |   958
           D:2 |       0 |      69 |   0.0 |       0 |      13 |   0.0 |  1196
               +---------+---------+-------+---------+---------+-------+---------
